 Dungeon Crawl Stone Soup version 0.27-a0-965-gbf8bb431c4 (webtiles) character file.

Game seed: 3488296061805674587

8920 dolemite99 the Destroyer (level 11, -2/92 HPs)
             Began as a Green Draconian Conjurer on Apr 12, 2021.
             Was a Believer of Fedhas.
             Slain by a cane toad (4 damage)
             ... on level 2 of the Lair of Beasts on Apr 13, 2021.
             The game lasted 00:23:28 (20827 turns).

dolemite99 the Destroyer (DrCj)                    Turns: 20827, Time: 00:23:28

Health: -2/92      AC:  7    Str: 10    XL:     11   Next: 16%
Magic:  11/19      EV: 13    Int: 22    God:    Fedhas [**....]
Gold:   92         SH:  0    Dex:  9    Spells: 10/21 levels left

rFire    . . .     SeeInvis .   a - +3 dagger (venom)
rCold    . . .     Faith    .   (no shield)
rNeg     . . .     Spirit   .   (armour unavailable)
rPois    +         Reflect  .   (helmet restricted)
rElec    .         Harm     .   (no cloak)
rCorr    .         Rampage  .   (no gloves)
Will     .....                  (no boots)
Stlth    ++........             (no amulet)
HPRegen  0.25/turn              (no ring)
MPRegen  0.16/turn              (no ring)

@: lethally poisoned (-2 -> -19)
A: breathe noxious fumes, AC +7, unfitting armour, poison resistance,
cold-blooded
a: Breathe Noxious Fumes, Renounce Religion, Wall of Briars


You were on level 2 of the Lair of Beasts.
You worshipped Fedhas.
Fedhas was pleased with you.
You visited 2 branches of the dungeon, and saw 12 of its levels.

You collected 479 gold pieces.
You spent 387 gold pieces at shops.

Inventory:

Hand Weapons
 a - a +3 dagger of venom (weapon)
 b - a +0 hunting sling
 k - a +2 short sword of draining
 q - a +0 hunting sling
 u - the +5 short sword "Boukleij" {vorpal, rC+}
   (You found it on level 6 of the Dungeon)

   It inflicts extra damage upon your enemies.
   It protects you from cold.
 y - a +0 shortbow
 A - a +2 vampiric short sword
 E - a +2 war axe of draining
 O - a +0 shortbow
 P - a +2 vorpal flail
Missiles
 e - 142 arrows
 h - 96 sling bullets
 j - 322 stones
 n - 61 bolts
 o - 69 poisoned darts (quivered)
 z - 7 curare-tipped darts
 K - 6 silver javelins
 L - 28 boomerangs
Magical Staves
 C - a staff of earth
Jewellery
 g - a ring of ice
 p - a +6 ring of dexterity
 M - a ring of fire
 R - a ring of fire
Wands
 c - a wand of charming (2)
 l - a wand of flame (22)
 s - a wand of paralysis (8)
 N - a wand of polymorph (8)
Scrolls
 r - 2 scrolls of teleportation
 t - 4 scrolls of vulnerability
 w - 2 scrolls of fog
 F - a scroll of magic mapping
 J - a scroll of amnesia
 S - 2 scrolls of enchant armour
Potions
 d - 2 potions of flight
 f - a potion of might
 i - 2 potions of cancellation {unknown}
 m - 3 potions of lignification
 v - 2 potions of heal wounds
 x - a potion of berserk rage {unknown}
 B - a potion of curing
 D - a potion of degeneration {unknown}
 G - 4 potions of brilliance
 H - a potion of haste {unknown}
 I - 5 potions of ambrosia
 Q - a potion of invisibility


   Skills:
 + Level 7.5 Fighting
 - Level 3.0 Short Blades
 - Level 2.4 Throwing
 + Level 5.6 Dodging
 - Level 1.7 Stealth
 - Level 5.7 Spellcasting
 - Level 8.7 Conjurations
 + Level 1.6 Ice Magic
 - Level 6.4 Invocations
 - Level 8.2 Evocations


You had 10 spell levels left.
You knew the following spells:

 Your Spells              Type           Power      Damage    Failure   Level
b - Searing Ray           Conj           88%        3d6       1%          2
c - Dazzling Flash        Conj/Hex       50%        N/A       4%          3
e - Sublimation of Blood  Necr           3%         N/A       14%         2
f - Frozen Ramparts       Ice            26%        1d4       14%         3
s - Animate Skeleton      Necr           12%        N/A       10%         1

Your spell library contained the following spells:

 Spells                   Type           Power      Damage    Failure   Level
 Magic Dart               Conj           100%       1d8       1%          1
 Freeze                   Ice            52%        1d7       4%          1
 Apportation              Tloc           12%        N/A       10%         1
 Beastly Appendage        Tmut           12%        N/A       10%         1
 Corona                   Hex            6%         N/A       10%         1
 Summon Small Mammal      Summ           24%        N/A       10%         1
 Ensorcelled Hibernation  Hex/Ice        18%        N/A       10%         2
 Hailstorm                Conj/Ice       29%        3d8       11%         4
 Wereblood                Tmut           6%         N/A       14%         2
 Ozocubu's Armour         Ice            13%        N/A       14%         3
 Fulminant Prism          Conj/Hex       12%        3d9       16%         4
 Iskenderun's Mystic Bla  Conj/Tloc      25%        2d7       16%         4
 Confusing Touch          Hex            6%         N/A       28%         3
 Gell's Gravitas          Tloc           3%         N/A       28%         3
 Spider Form              Tmut/Pois      3%         N/A       28%         3
 Tukima's Dance           Hex            6%         N/A       28%         3
 Ice Form                 Ice/Tmut       9%         N/A       54%         4
 Petrify                  Tmut/Erth      6%         N/A       67%         4
 Metabolic Englaciation   Hex/Ice        4%         N/A       88%         5
 Hydra Form               Tmut           3%         N/A       95%         5
 Yara's Violent Unravell  Hex/Tmut       3%         3d4       95%         5


Dungeon Overview and Level Annotations

Branches:
Dungeon (9/15)             Temple (0/1) D:7            Lair (3/6) D:8
  Swamp: Lair:2-4    Shoals: Lair:2-4     Snake: Lair:2-4    Spider: Lair:2-4
    Orc: D:9-12

Altars:
Fedhas
Nemelex Xobeh
Ru
Sif Muna
Trog
Vehumet
Wu Jian
Zin

Shops:
D:2 *   D:3 !

Annotations:
D:4 3 runed translucent doors, exclusion: upstairs, ClownBaby's ghost, amateur DsGl
Lair:1 exclusion: hydra


Innate Abilities, Weirdness & Mutations

You can breathe blasts of noxious fumes.
Your lurid green scales are hard. (AC +7)
You cannot fit into any form of body armour.
Your system is resistant to poisons. (rPois)
You are cold-blooded and may be slowed by cold attacks.


Message History

The cane toad is moderately wounded. (Press . to maintain the ray.)
The cane toad stings you.
You are poisoned.
The cane toad poisons you!
Unknown command.
The searing ray hits the cane toad.
The cane toad is moderately wounded.
You feel very sick. The cane toad completely misses you.
The cane toad stings you!
The searing ray hits the cane toad!
The cane toad is heavily wounded.
You feel very sick. The cane toad barely misses you.
The searing ray hits the cane toad!
The cane toad is severely wounded.
You finish channeling your searing ray.
You feel very sick. The cane toad misses you.
You feel sick. The cane toad stings you.
You are more poisoned.
The cane toad poisons you!
You feel extremely sick. The cane toad stings you!
* * * LOW HITPOINT WARNING * * *
Casting: Searing Ray (safe; 1% risk of failure)
Confirm with . or Enter, or press ? or * to list all spells.
Aiming: Searing Ray (safe; 1% risk of failure)
Press: ? - help, Shift-Dir - straight line, f/p - cane toad
Aim: a cane toad (severely wounded, ally target, 16% to evade)
The searing ray hits the cane toad.
The cane toad is severely wounded. (Press . to maintain the ray.)
* * * LOW HITPOINT WARNING * * *
You feel very sick. The cane toad stings you!!
* * * LOW HITPOINT WARNING * * *
The cane toad stings you.
You die...
Fedhas appreciates your contribution to the ecosystem.

#....P#
#.^...#
##....##
#.....#
#P....#
.....##
##....#
#....#
##.^..##
#P....P#
##PPP..#
#.P@P.##


#PFPP.# ##....# #.....# ......# #P....## ....... ......... .......... You could
see a cane toad (ally target).

Vanquished Creatures
  6 elephants (Lair:2)
  Maggie (D:6)
  A black mamba (Lair:1)
  A cane toad (Lair:3)
  A komodo dragon (Lair:3)
  A queen bee (Lair:1)
  5 blink frogs
  A yak (Lair:1)
  Menkaure (D:6)
  Duvessa (D:6)
  8 water moccasins
  2 orc warriors
  2 sky beasts
  A black bear (D:6)
  A necrophage (D:5)
  2 wolves (Lair:3)
  4 centaurs
  A phantom (D:7)
  A kobold brigand (D:6)
  4 bullfrogs
  4 scorpions
  Dowan (D:6)
  A water moccasin skeleton (D:7)
  19 killer bees
  2 electric eels
  3 hounds
  2 bullfrog zombies (D:6)
  2 orc priests
  A centaur skeleton (D:5)
  Ijyb (D:4)
  2 iguanas
  5 orc wizards
  4 gnolls
  2 adders
  2 white imps (D:7)
  An ufetubus (D:4)
  A worm (D:3)
  A dart slug (D:2)
  13 orcs
  10 ball pythons
  An endoplasm (D:1)
  2 giant cockroaches
  9 goblins
  3 hobgoblins
  5 jackals
  11 kobolds
  5 quokkas
  2 bats (D:1)
  4 frilled lizards
  23 rats
187 creatures vanquished.

Vanquished Creatures (collateral kills)
  2 cane toads
  A yak (Lair:1)
  7 killer bees (Lair:1)
  9 ballistomycete spores (Lair:2)
19 creatures vanquished.

Vanquished Creatures (others)
  A cane toad (Lair:3)
  2 yaks (Lair:1)
  An orc wizard (D:6)
  A ballistomycete spore (Lair:2)
  26 fungi
  87 plants
118 creatures vanquished.

Grand Total: 324 creatures vanquished

Notes
Turn   | Place    | Note
-------+----------+-------------------------------------------
     0 | D:1      | dolemite99 the Draconian Conjurer began the quest for the
                  | Orb.
     0 | D:1      | Reached XP level 1. HP: 14/14 MP: 3/3
   601 | D:1      | Reached XP level 2. HP: 20/20 MP: 0/5
  1376 | D:2      | Found Mexalot's General Store.
  1607 | D:2      | Learned a level 2 spell: Searing Ray
  1806 | D:2      | Found a faded altar of an unknown god.
  1828 | D:2      | Reached skill level 5 in Conjurations
  2414 | D:2      | Reached XP level 3. HP: 26/26 MP: 4/6
  2653 | D:3      | Found Rats's Distillery.
  2689 | D:3      | Bought a potion of curing for 30 gold pieces
  2689 | D:3      | Bought a potion of lignification for 30 gold pieces
  3422 | D:3      | Found a sparkling altar of Nemelex Xobeh.
  3647 | D:4      | Noticed a yak
  3648 | D:4      | Noticed a yak
  3714 | D:4      | Reached XP level 4. HP: 10/33 MP: 7/7
  4555 | D:5      | Entered Level 5 of the Dungeon
  4555 | D:5      | Noticed a sky beast
  4586 | D:4      | Noticed Ijyb
  4610 | D:4      | Reached XP level 5. HP: 32/38 MP: 8/8
  4612 | D:4      | Found a blossoming altar of Fedhas.
  4615 | D:4      | Became a worshipper of Fedhas Madash
  4692 | D:4      | Killed Ijyb
  5247 | D:4      | Noticed a yak
  5247 | D:4      | Noticed a yak
  5316 | D:5      | Killed a sky beast
  5530 | D:4      | Found a runed translucent gate.
  5530 | D:4      | Found a runed translucent gate.
  5530 | D:4      | Found a runed translucent gate.
  5530 | D:4      | Noticed ClownBaby's ghost (amateur DsGl)
  5774 | D:4      | Reached XP level 6. HP: 35/45 MP: 5/9
  6250 | D:5      | Found a radiant altar of Vehumet.
  6256 | D:5      | Reached * piety under Fedhas
  7069 | D:5      | Found a sacrificial altar of Ru.
  7520 | D:6      | Your scales start taking on a lurid green colour.
  7520 | D:6      | Reached XP level 7. HP: 50/50 MP: 7/12
  7520 | D:6      | Gained mutation: Your system is resistant to poisons.
                  | (rPois) [Green Draconian growth]
  7872 | D:6      | Noticed Menkaure
  7880 | D:6      | Killed Menkaure
  7881 | D:6      | Reached skill level 5 in Spellcasting
  7914 | D:5      | Learned a level 3 spell: Dazzling Flash
  7916 | D:5      | Learned a level 1 spell: Animate Skeleton
  8283 | D:6      | Reached skill level 1 in Short Blades
  8707 | D:6      | Noticed Maggie
  8719 | D:6      | Killed Maggie
  8720 | D:6      | Reached XP level 8. HP: 31/63 MP: 3/16
  9854 | D:6      | Reached skill level 5 in Fighting
 10539 | D:6      | Reached skill level 1 in Throwing
 11121 | D:6      | Identified the +5 short sword "Boukleij" {vorpal, rC+}
 11159 | D:6      | Noticed Duvessa
 11180 | D:6      | Killed Duvessa
 11302 | D:6      | Found a bloodstained altar of Trog.
 11317 | D:6      | Found a shimmering blue altar of Sif Muna.
 11317 | D:6      | Noticed Dowan
 11320 | D:6      | Killed Dowan
 11324 | D:6      | Identified Sif Muna's Compendium of Sinister Arts
 12239 | D:7      | Reached XP level 9. HP: 56/75 MP: 11/17
 12412 | D:7      | Found a glowing silver altar of Zin.
 12583 | D:7      | Reached ** piety under Fedhas
 12840 | D:7      | Found a staircase to the Ecumenical Temple.
 13565 | D:7      | Found an ornate altar of the Wu Jian Council.
 14942 | D:8      | Reached skill level 5 in Dodging
 15336 | D:8      | Found a staircase to the Lair.
 15829 | D:8      | Upgraded the game from 0.27-a0-951-gae3e1deef5 to
                  | 0.27-a0-965-gbf8bb431c4
 16264 | D:3      | Learned a level 2 spell: Sublimation of Blood
 16268 | D:3      | Learned a level 3 spell: Frozen Ramparts
 16290 | D:3      | Bought a potion of heal wounds for 50 gold pieces
 16290 | D:3      | Bought a potion of invisibility for 80 gold pieces
 16290 | D:3      | Bought a potion of brilliance for 40 gold pieces
 16290 | D:3      | Bought a potion of brilliance for 40 gold pieces
 16315 | D:2      | Bought a scroll of fog for 26 gold pieces
 16315 | D:2      | Bought 14 sling bullets for 91 gold pieces
 16485 | Lair:1   | Entered Level 1 of the Lair of Beasts
 16601 | Lair:1   | Reached XP level 10. HP: 68/86 MP: 8/18
 16605 | Lair:1   | Reached skill level 5 in Invocations
 17065 | Lair:1   | Noticed a black mamba
 17073 | Lair:1   | Killed a black mamba
 17459 | Lair:1   | Noticed a six-headed hydra
 17776 | Lair:1   | Noticed a cane toad
 17784 | Lair:1   | Reached skill level 1 in Evocations
 17793 | Lair:1   | Killed a cane toad
 18327 | Lair:1   | Reached *** piety under Fedhas
 18753 | Lair:1   | Reached skill level 5 in Evocations
 19422 | Lair:2   | Noticed an elephant
 19424 | Lair:2   | Noticed an elephant
 19425 | Lair:2   | Noticed an elephant
 19427 | Lair:2   | Noticed an elephant
 19427 | Lair:2   | Noticed an elephant
 19436 | Lair:2   | Noticed an elephant
 19437 | Lair:2   | Killed an elephant
 19441 | Lair:2   | Killed an elephant
 19441 | Lair:2   | Killed an elephant
 19449 | Lair:2   | Killed an elephant
 19451 | Lair:2   | Killed an elephant
 19452 | Lair:2   | Reached XP level 11. HP: 56/92 MP: 15/19
 19817 | Lair:2   | You fall into a shaft and drop 1 floor!
 19834 | Lair:3   | Reached skill level 1 in Ice Magic
 20827 | Lair:2   | HP: 2/92 [cane toad (19)]
 20827 | Lair:2   | Slain by a cane toad

Illustrated notes

Levels and vault maps discovered:
D:1:      erik_arrival_triangle_small, layout_basic
D:2:      cheibrodos_old_hovel, layout_loops_ring, serial_shops, shop,
          hellmonk_ecumenical_altar_arch_garden
D:3:      minmay_wonky_spiral, layout_loops_ring, lemuel_crystal_altar,
          nicolae_tso_besieged_by_evil, serial_shops,
          nicolae_shop_temple_entry_statues_fountains, serial_bayou,
          serial_bayou_ford_a, serial_bayou_lagoon_a, serial_bayou_pond_d,
          serial_bayou_pond_a, uniq_natasha
D:4:      layout_loops_cross, marbit_many_paths, cheibriados_altar_1,
          ebering_ghost_rock_garden, minmay_rat_hole, uniq_ijyb
D:5:      layout_basic, nicolae_ru_awakened_eye, fiery_altar_vehumet,
          minmay_misc_feat_cross
D:6:      layout_loops_ring, nzn_overflow_gifts_of_might_and_magic,
          chequers_serial_rivers_micro_b, kennysheep_decorative_pillar,
          kb_rosetta, uniq_menkaure, uniq_maggie
D:7:      layout_loops_corners, nzn_wu_jian_council_hall, zin_statuary,
          minmay_temple_entry_water_ring, enter_bailey_5, lightli_minifort
D:8:      layout_basic, grunt_lair_entry_orc_guard_hut, wad_floor_pattern_2
D:9:      layout_basic, david_orc_4
Lair:1:   layout_roguey [special_room_bee]
Lair:2:   layout_long_grid, minmay_swamp_entry_worms
Lair:3:   nzn_winding_woodlands_large [nzn_winding_woodlands_5x5_three,
          nzn_winding_woodlands_5x15_split_checker,
          nzn_winding_woodlands_5x5_perimeter,
          nzn_winding_woodlands_center_triple_pond,
          nzn_winding_woodlands_15x15_killbox,
          nzn_winding_woodlands_center_garden, nzn_winding_woodlands_hourglass,
          nzn_winding_woodlands_5x15_longhouse,
          nzn_winding_woodlands_5x5_default], layout_long_grid

Skill      XL: |  1  2  3  4  5  6  7  8  9 10 11 |
---------------+----------------------------------+-----
Conjurations   | 5 6 7 8 |  8.7
Spellcasting   | 3 5 |  5.7
Short Blades   | 3 |  3.0
Fighting       | 3 5 7 |  7.5
Throwing       | 2 |  2.4
Dodging        | 3 5 |  5.6
Invocations    | 4 6 |  6.4
Evocations     | 7 8 |  8.2
Ice Magic      | 1 |  1.6
Stealth        | |  1.7

Action                   |  1- 3 |  4- 6 |  7- 9 | 10-12 || total
-------------------------+-------+-------+-------+-------++-------
Melee: Short sword       |    36 |    55 |     2 |       ||    93
       Tailslap          |     1 |     3 |     6 |     8 ||    18
       Dagger            |       |       |    75 |    59 ||   134
 Fire: Hunting sling     |       |       |     6 |     5 ||    11
Throw: Dart              |    13 |     8 |    54 |    15 ||    90
       Stone             |       |    13 |       |       ||    13
 Cast: Magic Dart        |    60 |     6 |     9 |       ||    75
       Searing Ray       |     4 |    16 |    49 |    21 ||    90
       Animate Skeleton  |       |       |       |    17 ||    17
Invok: Wall of Briars    |       |       |       |     2 ||     2
       Grow Ballistomyce |       |       |       |     2 ||     2
 Abil: Breathe Noxious F |       |       |     6 |     7 ||    13
Evoke: Wand              |       |       |     2 |    11 ||    13
  Use: Scroll            |     4 |       |     1 |    12 ||    17
       Potion            |     1 |       |     2 |     1 ||     4
 Stab: Confused          |       |       |     4 |     2 ||     6
       Paralysed         |       |       |       |     1 ||     1
Armor: Skin              |    25 |    27 |    45 |    32 ||   129
Dodge: Dodged            |    50 |    57 |   108 |   119 ||   334

Table legend: (Time is in decaauts)
 A = Elapsed time spent in this place.
 B = Non-inter-level travel time spent in this place.
 C = Inter-level travel time spent in this place.
 D = Time resting spent in this place.
 E = Time spent auto-exploring this place.
 F = Levels seen in this place.
 G = Mean time per level.
                   A        B        C        D        E       F      G
               +--------+--------+--------+--------+--------+-----+--------+
         Total |  20852 |  20060 |    792 |  10863 |   6816 |  12 | 1737.7 |
       Dungeon |  16514 |  15839 |    675 |   8310 |   5679 |   9 | 1834.9 |
          Lair |   4337 |   4220 |    117 |   2553 |   1137 |   3 | 1445.7 |
               +--------+--------+--------+--------+--------+-----+--------+

Top non-repeatable levels by time:
     D:6: 4174 daAuts
  Lair:1: 2915 daAuts
     D:7: 2655 daAuts
     D:4: 2247 daAuts
     D:5: 1857 daAuts
     D:3: 1538 daAuts
     D:8: 1494 daAuts
     D:1: 1362 daAuts
  Lair:2: 1174 daAuts
     D:2: 1140 daAuts
  Lair:3: 247 daAuts
     D:9: 41 daAuts
